 Dungeon Crawl Stone Soup version 0.31-a0-426-g3a05650e59 (webtiles) character file.

Game seed: 5518148064064262950

94 Gelion the Changeling (level 4, -4/29 HPs)
             Began as an Octopode Shapeshifter on July 31, 2023.
             Slain by a gnoll
             ... wielding a +0 club
              (8 damage)
             ... on level 2 of the Dungeon.
             The game lasted 00:01:23 (1054 turns).

Gelion the Changeling (Octopode Shapeshifter)       Turns: 1054, Time: 00:01:24

Health: -4/29      AC:  1    Str: 14    XL:     4   Next: 63%
Magic:  4/4        EV: 13    Int: 10    God:
Gold:   51         SH:  0    Dex: 14    Spells: 3/3 levels left

rFire   . .          .
                       - Unarmed
rCold   . . .        (no shield)
rNeg    . . .        (helmet currently unavailable)
rPois   .            (no amulet)
rElec   .            (no ring)
rCorr   .            (no ring)
SInv    .            (no ring)
Will    .....        (no ring)
Stlth   ++           (no ring)
HPRegen 0.24/turn    (no ring)
MPRegen 0.09/turn    (no ring)
                     (no ring)

%: no passive effects
@: beast-form
A: beast (slay +2), almost no armour, amphibious, 8 rings, camouflage 1,
gelatinous body 1, (nimble swimmer 1), tentacles
a: Begin Untransformation


You were on level 2 of the Dungeon.
You were a hulking beast.
You visited 1 branch of the dungeon, and saw 2 of its levels.

You collected 51 gold pieces.

Inventory:

Jewellery
 g - a ring of resist corrosion
Talismans
 b - a beast talisman (active)
Wands
 j - a wand of flame (25)
Scrolls
 e - a scroll of enchant weapon {unknown}
 f - 3 scrolls of identify {unknown}
 i - a scroll of revelation {unknown}
 k - a scroll of noise {unknown}
Potions
 a - a potion of lignification
 c - a potion of enlightenment {unknown}
 d - a potion of curing {unknown}
 h - a potion of haste {unknown}
 l - a potion of attraction {unknown}


   Skills:
 + Level 2.1 Fighting
 - Level 2.0 Dodging
 + Level 3.6 Unarmed Combat
 * Level 3.9 Shapeshifting


You had 3 spell levels left.
You didn't know any spells.
Your spell library contained the following spells:

 Spells                   Type           Power      Damage    Failure   Level
 Gell's Gravitas          Tloc           0%         N/A       75%         3
 Teleport Other           Tloc           0%         N/A       75%         3
 Dispersal                Tloc           0%         N/A       100%        6


Dungeon Overview and Level Annotations

Branches:
Dungeon (2/15)

Altars:

Annotations:
D:2 Sigmund


Innate Abilities, Weirdness & Mutations

You are a hulking beast.
Your limbs bulge with bestial killing power. (Slay +2)
You cannot wear most types of armour.
You are amphibious.
You can wear up to eight rings at the same time.
Your skin changes colour to match your surroundings (Stealth+).
Your rubbery body absorbs attacks. (AC +1, EV +1)
((You are camouflaged when in or above water. (Stealth+)))
You have tentacles for arms and can constrict up to eight enemies at once.


Message History

You closely miss the gnoll.
The gnoll shouts!
Your grab misses the gnoll.
You hear a shout!
The gnoll hits you with a +0 whip.
You tentacle-slap the gnoll. You grab the gnoll.
The gnoll is moderately wounded.
You constrict the gnoll. The gnoll closely misses you.
You tentacle-slap the gnoll but do no damage.
You tentacle-slap the gnoll, but do no damage.
The gnoll is moderately wounded.
You constrict the gnoll. You tentacle-slap the gnoll.
The gnoll is almost dead.
You constrict the gnoll.
You kill the gnoll!
Sigmund the Dreaded comes into view.
He is wielding a +0 scythe.
You tentacle-slap the gnoll. You grab the gnoll.
The gnoll is moderately wounded.
You constrict the gnoll. The gnoll hits you with a +0 whip!
You bludgeon the gnoll!
You kill the gnoll!
The gnoll barely misses you.
Items here: )) ††.
You bludgeon the gnoll! You grab the gnoll.
The gnoll is severely wounded.
You constrict the gnoll. The gnoll hits you with a +0 spear!
You are too injured to fight recklessly!
You are too injured to fight recklessly!
You tentacle-slap the gnoll.
You kill the gnoll!
You barely miss the gnoll. You grab the gnoll. You constrict the gnoll.
The gnoll misses you.
You tentacle-slap the gnoll.
The gnoll is heavily wounded.
You constrict the gnoll, but do no damage.
Sigmund hits you from afar with a +0 scythe!
* * * LOW HITPOINT WARNING * * *
The gnoll hits you with a +0 club!
You die...

.#.....#.#.#
.#####.#.#.# .# #.#.#.#
.#####.#.#.####.##
..................
.......#.#.####.#
#####..#.#†#
....#..#.#.#############
###.#..<........hg@.....
###.#.##...#############
....#........ ..
####.....#..### .
#.#####....#.### #.#
#.##.#... #.# #......
###.########.#######.
#....................


You could see Sigmund and a gnoll.

Vanquished Creatures
  Crazy Yiuf (D:2)
  3 gnolls (D:2)
  A dart slug (D:1)
  5 bats
  4 endoplasms
  A hobgoblin (D:1)
  A kobold (D:1)
  2 quokkas (D:1)
  5 ball pythons
  4 frilled lizards
  4 goblins (D:1)
  4 rats (D:1)
35 creatures vanquished.

Notes
Turn   | Place    | Note
-------+----------+-------------------------------------------
     0 | D:1      | Gelion the Octopode Shapeshifter began the quest for the
                  | Orb.
     0 | D:1      | Reached XP level 1. HP: 13/13 MP: 1/1
    48 | D:1      | Reached XP level 2. HP: 11/18 MP: 2/2
   261 | D:1      | Found a faded altar of an unknown god.
   449 | D:1      | Reached XP level 3. HP: 18/23 MP: 3/3
   621 | D:2      | Found a runed translucent door.
   622 | D:2      | Noticed Crazy Yiuf
   671 | D:2      | Killed Crazy Yiuf
   672 | D:2      | Reached XP level 4. HP: 3/29 MP: 4/4
  1047 | D:2      | Noticed Sigmund
  1054 | D:2      | Slain by a gnoll

Illustrated notes

Levels and vault maps discovered:
D:1:      minmay_arrival_five_plusses, layout_rooms,
          shapermc_ecumenical_altar_totnotflames
D:2:      layout_basic, minmay_tromino_v4_a, uniq_sigmund, uniq_robin,
          uniq_crazy_yiuf_cottage

Skill      XL: |  1  2  3 |
---------------+----------+-----
Fighting       | 2 |  2.1
Dodging        | |  2.0
Unarmed Combat | |  3.6
Shapeshifting  | |  3.9

Action                     |  1- 3 |  4- 6 || total
---------------------------+-------+-------++-------
  Melee: Unarmed           |    54 |    13 ||    67
         Constrict         |    15 |     4 ||    19
         Tentacles         |     9 |       ||     9
         Punch             |     1 |     1 ||     2
   Stab: Sleeping          |     6 |     2 ||     8
 Armour: Skin              |     6 |       ||     6
  Dodge: Dodged            |    32 |     4 ||    36

Table legend: (Time is in decaauts)
 A = Elapsed time spent in this place.
 B = Non-inter-level travel time spent in this place.
 C = Inter-level travel time spent in this place.
 D = Time resting spent in this place.
 E = Time spent auto-exploring this place.
 F = Levels seen in this place.
 G = Mean time per level.
                   A        B        C        D        E       F      G
               +--------+--------+--------+--------+--------+-----+--------+
         Total |   1050 |   1030 |     20 |      0 |    857 |   2 |  525.0 |
       Dungeon |   1050 |   1030 |     20 |      0 |    857 |   2 |  525.0 |
               +--------+--------+--------+--------+--------+-----+--------+

Top non-repeatable levels by time:
     D:2: 538 daAuts
     D:1: 512 daAuts
